 Dungeon Crawl Stone Soup version 0.27.1-35-g4d5d836560 (webtiles) character file.

Game seed: 11280571875735744191

1279 Delamore the Covert (level 8, -5/50 HPs)
             Began as an Octopode Brigand on Apr 8, 2022.
             Slain by an ogre (23 damage)
             ... on level 5 of the Dungeon.
             The game lasted 00:06:42 (5937 turns).

Delamore the Covert (Octopode Brigand)              Turns: 5937, Time: 00:06:42

Health: -5/50      AC:  1    Str: 10    XL:     8   Next: 54%
Magic:  8/8        EV: 13    Int: 13    God:
Gold:   49         SH:  0    Dex: 16    Spells: 7/7 levels left

rFire    . . .     SeeInvis .   y - +0 dagger (venom)
rCold    . . .     Faith    .   (no shield)
rNeg     . . .     Spirit   .   f - +0 hat {Will+}
rPois    +         Reflect  .   (no amulet)
rElec    .         Harm     .   i - ring of poison resistance
rCorr    .         Rampage  .   t - ring of flight
Will     +....                  (no ring)
Stlth    +++++.....             (no ring)
HPRegen  0.16/turn              (no ring)
MPRegen  0.11/turn              (no ring)
                                (no ring)
                                (no ring)

@: flying
A: almost no armour, amphibious, 8 rings, camouflage 1, gelatinous body 1,
(nimble swimmer 1), tentacles
a: no special abilities


You were on level 5 of the Dungeon.
You visited 1 branch of the dungeon, and saw 6 of its levels.

You collected 217 gold pieces.
You spent 168 gold pieces at shops.

Inventory:

Hand Weapons
 a - a +2 dagger
 u - a +0 rapier of holy wrath
 y - a +0 dagger of venom (weapon)
Missiles
 b - 18 poisoned darts (quivered)
 c - a curare-tipped dart
Armour
 f - a +0 hat of willpower (worn)
 n - a +0 kite shield
Jewellery
 i - a ring of poison resistance (left tentacle)
 t - a ring of flight (right tentacle)
Wands
 p - a wand of polymorph (10)
 w - a wand of flame (25)
Scrolls
 d - a scroll of amnesia
 g - a scroll of teleportation
 h - a scroll of vulnerability {unknown}
 j - a scroll of fog {unknown}
 k - 3 scrolls of enchant weapon {unknown}
 l - a scroll of noise {unknown}
 o - a scroll of blinking {unknown}
 r - a scroll of summoning
 v - a scroll of immolation {unknown}
 A - a scroll of identify
Potions
 e - a potion of curing
 m - 2 potions of heal wounds
 q - a potion of magic {unknown}
 s - a potion of cancellation {unknown}
 x - a potion of invisibility {unknown}
 z - a potion of flight {unknown}


   Skills:
 - Level 2.0 Fighting
 + Level 8.4 Short Blades
 - Level 2.0 Throwing
 - Level 1.0 Dodging
 - Level 10.0 Stealth


You had 7 spell levels left.
You didn't know any spells.
Your spell library contained the following spells:

 Spells                   Type           Power      Damage    Failure   Level
 Static Discharge         Conj/Air       0%         N/A       43%         2
 Sublimation of Blood     Necr           0%         N/A       43%         2
 Wereblood                Tmut           0%         N/A       43%         2
 Inner Flame              Hex/Fire       0%         N/A       67%         3
 Cause Fear               Hex            0%         N/A       97%         4
 Dispel Undead            Necr           0%         3d6       97%         4
 Sticky Flame             Conj/Fire      0%         2d3       97%         4
 Summon Hydra             Summ           0%         N/A       100%        7
 Discord                  Hex            0%         N/A       100%        8


Dungeon Overview and Level Annotations

Branches:
Dungeon (6/15)
 Temple: D:4-7

Altars:
Cheibriados
Nemelex Xobeh
Uskayaw
Wu Jian
Xom
Zin
The Shining One

Shops:
D:1 (


Innate Abilities, Weirdness & Mutations

You cannot wear most types of armour.
You are amphibious.
You can wear up to eight rings at the same time.
Your skin changes colour to match your surroundings (Stealth+).
Your rubbery body absorbs attacks. (AC +1, EV +1)
((You are camouflaged near water. (Stealth+)))
You have tentacles for arms and can constrict up to eight enemies at once.


Message History

You constrict the howler monkey skeleton.
You hit the howler monkey skeleton.
The howler monkey skeleton is severely damaged.
You constrict the howler monkey skeleton.
The howler monkey skeleton barely misses you.
You hit the howler monkey skeleton.
The howler monkey skeleton is almost destroyed.
You constrict the howler monkey skeleton.
The howler monkey skeleton hits you.
You hit the howler monkey skeleton.
You destroy the howler monkey skeleton!
No target in view!
No target in view!
No target in view!
No target in view!
A hound skeleton is nearby!
A hound skeleton is nearby!
A hound skeleton is nearby!
You strike the helpless hound skeleton from behind!
You impale the hound skeleton!!
You destroy the hound skeleton!
No target in view!
No target in view!
No target in view!
No target in view!
No target in view!
No target in view!
No target in view!
No target in view!
No target in view!
An ogre is nearby!
An ogre is nearby!
There is a stone staircase leading down here.
The ogre hits you with a +0 giant spiked club!!
Ouch! That really hurt!
You are too injured to fight recklessly!
There is a stone staircase leading down here.
There is an escape hatch in the ceiling here.
The ogre hits you with a +0 giant spiked club!!
You die...

#.##.....# #.....# #..####.#
#.##.##.## ###.### #....##.#
#.##.##.# #.# ##.#.##.#
#.......######.######.#.##.#
####.###............#......# ##
#.# #.###...####.###.##### .# #.#
#.###...#.....(......# .#
#.###.##......##.##.####.## .#
#........#@.####[##.#..รท..#
.##########.####O.####.##.#.##..#
.#.....................##.#.##...
.#.#.......######.#######......##
..>......#.# ##.## ###.####
##.#.##..#.# #...# #.#
#.#.....#.# #...# #.####
#.#.......# #...# ##.(..##
#.#.......#####...##### #......#


You could see an ogre.

Vanquished Creatures
  A hornet (D:4)
  A necrophage (D:4)
  2 ice beasts
  A black bear (D:5)
  An ogre (D:3)
  A centaur (D:5)
  A water moccasin zombie (D:5)
  A bullfrog zombie (D:5)
  2 hounds
  A jelly (D:4)
  A gnoll shaman (D:5)
  A bullfrog skeleton (D:6)
  Jessica (D:3)
  Ijyb (D:5)
  An iguana (D:4)
  A scorpion zombie (D:5)
  A hound skeleton (D:5)
  Robin (D:2)
  2 howler monkey skeletons
  5 gnolls
  3 adders
  An ufetubus (D:6)
  2 worms
  3 dart slugs
  A ball python (D:4)
  6 bats
  7 endoplasms
  3 giant cockroaches
  10 goblins
  12 hobgoblins
  4 jackals (D:1)
  5 kobolds
  4 quokkas
  9 frilled lizards
  9 rats
106 creatures vanquished.

Notes
Turn   | Place    | Note
-------+----------+-------------------------------------------
     0 | D:1      | Delamore the Octopode Brigand began the quest for the Orb.
     0 | D:1      | Reached XP level 1. HP: 14/14 MP: 1/1
    72 | D:1      | Reached XP level 2. HP: 10/19 MP: 2/2
   264 | D:1      | Found Mecunom's Antique Weapon Shoppe.
   287 | D:1      | Reached skill level 6 in Stealth
   539 | D:1      | Found a faded altar of an unknown god.
   545 | D:1      | Reached XP level 3. HP: 24/24 MP: 3/3
  1176 | D:2      | HP: 1/24 [poisoned by an adder]
  1185 | D:2      | Reached XP level 4. HP: 9/29 MP: 4/4
  1197 | D:2      | Reached skill level 7 in Stealth
  1762 | D:2      | Noticed Robin
  1780 | D:2      | Killed Robin
  2138 | D:3      | Noticed Jessica
  2152 | D:3      | Killed Jessica
  2153 | D:3      | Reached XP level 5. HP: 34/34 MP: 5/5
  2322 | D:3      | Found a shimmering altar of Xom.
  2537 | D:3      | Found a snail-covered altar of Cheibriados.
  2538 | D:3      | Noticed an ogre
  2544 | D:3      | Identified a scroll of acquirement
  2545 | D:3      | Acquired a +0 hat of willpower
  2601 | D:3      | Killed an ogre
  2602 | D:3      | Reached skill level 8 in Stealth
  2751 | D:3      | Found an ornate altar of the Wu Jian Council.
  2756 | D:3      | Found a sparkling altar of Nemelex Xobeh.
  2756 | D:3      | Found a hide-covered altar of Uskayaw.
  2917 | D:3      | Reached XP level 6. HP: 39/39 MP: 6/6
  3248 | D:4      | Found a glowing golden altar of the Shining One.
  3287 | D:4      | Reached skill level 9 in Stealth
  3528 | D:4      | Found a glowing silver altar of Zin.
  3528 | D:4      | Noticed an angel
  3653 | D:4      | Noticed an ice beast
  3876 | D:4      | Noticed a hornet
  3886 | D:4      | Paralysed by a hornet for 1 turns
  3887 | D:4      | Killed a hornet
  3888 | D:4      | Reached skill level 10 in Stealth
  3888 | D:4      | Reached XP level 7. HP: 3/45 MP: 7/7
  4164 | D:4      | Reached skill level 5 in Short Blades
  4610 | D:5      | Entered Level 5 of the Dungeon
  4677 | D:1      | Bought a runed rapier for 168 gold pieces
  4728 | D:5      | Reached XP level 8. HP: 50/50 MP: 8/8
  5177 | D:5      | Noticed Ijyb
  5182 | D:5      | Killed Ijyb
  5937 | D:5      | Slain by an ogre

Illustrated notes

Levels and vault maps discovered:
D:1:      roderic_dead_forest, layout_basic, shapermc_ecumenical_altar_gd,
          serial_shops, shop, nrook_campfire, minmay_pentomino_u4
D:2:      layout_basic, st_stairs_6, uniq_robin
D:3:      layout_loops_ring, slow_altar_1, mainiacjoe_overflow_paths,
          grunt_temple_overflow_open, minmay_crystal_water,
          supply_closet_lemuel, nrook_loot_triangle, chequers_mini_garden,
          uniq_jessica
D:4:      layout_loops_ring, zin_angel, tso_metal_star,
          minmay_fractal_squares_diagonal_5
D:5:      layout_loops_cross, uniq_ijyb
D:6:      layout_cave_pools, trog_book, minmay_temple_entry_mist, serial_shops,
          shop_fountains, kennysheep_decorative_pillar, uniq_duvessa,
          uniq_grinder

Skill      XL: |  1  2  3  4  5  6  7  8 |
---------------+-------------------------+-----
Stealth        | 6 7 8 10 | 10.0
Short Blades   | 3 4 6 8 |  8.4
Fighting       | |  2.0
Throwing       | |  2.0
Dodging        | |  1.0

Action                   |  1- 3 |  4- 6 |  7- 9 || total
-------------------------+-------+-------+-------++-------
Melee: Dagger            |    59 |    90 |    84 ||   233
       Constrict         |    17 |    16 |     9 ||    42
       Tentacles         |    12 |    15 |    19 ||    46
Throw: Dart              |       |    13 |       ||    13
  Use: Scroll            |     1 |     3 |     1 ||     5
       Potion            |     1 |       |     1 ||     2
 Stab: Sleeping          |    11 |    21 |    10 ||    42
       Distracted        |       |     1 |     2 ||     3
Armor: Skin              |     6 |     2 |     3 ||    11
Dodge: Dodged            |    19 |    35 |    44 ||    98
